 Dungeon Crawl Stone Soup version 0.30-a0-210-g01b79a254e (webtiles) character file.

Game seed: 4254131940816370301

46 NinjaNoafa the Grasshopper (level 3, 0/31 HPs)
             Began as an Armataur Warper on Oct 4, 2022.
             Was a Believer of Jiyva.
             Slain by an ogre
             ... wielding a +0 giant spiked club
              (31 damage)
             ... on level 3 of the Dungeon.
             The game lasted 00:02:51 (1729 turns).

NinjaNoafa the Grasshopper (Armataur Warper)        Turns: 1729, Time: 00:02:52

Health: 0/31       AC:  4    Str: 14 (16) XL:     3   Next: 44%
Magic:  6/6        EV:  9    Int: 11 (15) God:    Jiyva [**....]
Gold:   73         SH:  5    Dex:  3 (9)  Spells: 6/6 levels left

rFire   . . .      SeeInvis .    e - staff of air
rCold   . . .      Faith    .    (no shield)
rNeg    . . .      Spirit   .    b - +0 leather armour
rPois   .          Reflect  +    (no helmet)
rElec   +          Harm     .    (no cloak)
rCorr   +          Roll     +    (no gloves)
Will    .....                    (no barding)
Stlth   ..........               l - amulet of reflection
HPRegen 1.21/turn                (no ring)
MPRegen 0.40/turn                (no ring)

@: no status effects
A: large, rugged brown scales 3, deformed body, armoured tail, roll, long
tongue, awkward tongue
a: Renounce Religion


You were on level 3 of the Dungeon.
You worshipped Jiyva.
Jiyva was pleased with you.
You visited 1 branch of the dungeon, and saw 3 of its levels.

You collected 73 gold pieces.

Inventory:

Missiles
 d - 7 boomerangs of dispersal (quivered)
 o - 3 atropa-tipped darts
 p - 12 stones
Armour
 b - a +0 leather armour (worn)
Magical Staves
 e - a staff of air (weapon)
Jewellery
 l - an amulet of reflection (around neck)
Scrolls
 c - 2 scrolls of blinking
 f - a scroll of acquirement {unknown}
 g - a scroll of immolation {unknown}
 h - a scroll of teleportation {unknown}
 i - 3 scrolls of identify {unknown}
 m - a scroll of torment {unknown}
 n - a scroll of magic mapping {unknown}
Potions
 j - a potion of degeneration
 k - a potion of curing


   Skills:
 + Level 2.1 Fighting
 - Level 2.1 Maces & Flails
 + Level 1.3 Throwing
 + Level 1.8 Armour
 + Level 1.7 Dodging
 - Level 2.0 Spellcasting
 + Level 3.2 Translocations


You had 6 spell levels left.
You didn't know any spells.
Your spell library contained the following spells:

 Spells                   Type           Power      Damage    Failure   Level
 Blink                    Tloc           16%        N/A       14%         2
 Gell's Gravitas          Tloc           8%         N/A       28%         3
 Lesser Beckoning         Tloc           16%        N/A       28%         3
 Teleport Other           Tloc           8%         N/A       28%         3
 Vhi's Electric Charge    Tloc/Air       12%        N/A       50%         3
 Manifold Assault         Tloc           8%         N/A       67%         4
 Dispersal                Tloc           4%         N/A       100%        6


Dungeon Overview and Level Annotations

Branches:
Dungeon (3/15)

Altars:
Jiyva

Annotations:
D:3 3 runed translucent doors, bjtr's ghost, amateur GrFE


Innate Abilities, Weirdness & Mutations

You are completely covered in rugged brown scales. (AC +3, +7% HP)
Armour fits poorly on your strangely shaped body.
You have a long armoured tail.
You roll when moving toward enemies. (Rampage)
Your long tongue fully drains potion bottles. (2x potion effects)
Your tongue gives you trouble enunciating. (1.5x scroll delay)


Message History

Bjtr's ghost turns its malevolent gaze towards you.
Found a spear.
Bjtr's ghost says, "I love the smell of burning flesh."
You see here a staff of air.
An adder comes into view.
The adder hisses angrily.
The adder bites you but does no damage. You block the adder's attack.
You completely miss the adder. The adder bites you.
You barely miss the adder. The adder barely misses you. The adder bites you.
You are poisoned.
The adder poisons you!
Okay, then.
You closely miss the adder.
You feel sick. The adder closely misses you. The adder barely misses you.
You hit the adder.
Your tail-slap misses the adder.
The adder is heavily wounded.
You feel sick. You block the adder's attack.
You thump the adder!
You kill the adder!
You feel sick.
You are no longer poisoned.
You see here a staff of air.
e - a staff of air
e - a staff of air (weapon)
You drop a +0 mace.
Found a stone staircase leading down.
p - 12 stones (gained 9)
An ogre comes into view. It is wielding a +0 giant spiked club.
The ogre shouts!
An ogre is nearby!
An ogre is nearby!
It was a potion of degeneration.
There was something very wrong with that liquid.
You feel weakened.
You feel dopey.
You feel clumsy.
It was a potion of curing.
You feel better.
You hit the ogre.
The ogre is lightly wounded.
The ogre hits you with a +0 giant spiked club!!
Ouch! That really hurt!
You die...

. #########. #.........
#.#######. #.# .
##.########
####.)........
##########............#
#....O@....##..##.###.#
#.########.##..##.###.#
#.# #.....#...##.# #O#
#.##.#.###.#.# #.#
#>##.#........ #.O...#
#.##.......... #.#####
#.##....###+++
#.#.....#Sr...
#.#.##..#.W...


You could see an ogre.

Vanquished Creatures
  An adder (D:3)
  3 dart slugs (D:1)
  3 orcs (D:3)
  A giant cockroach (D:2)
  A hobgoblin (D:1)
  4 jackals (D:2)
  2 kobolds
  A quokka (D:1)
  A ball python (D:1)
  2 bats (D:1)
  3 goblins
  7 rats (D:1)
29 creatures vanquished.

Vanquished Creatures (others)
  3 dart slugs (D:2)
  5 orcs (D:2)
  A ball python (D:2)
  2 endoplasms (D:3)
  A giant cockroach (D:2)
  A rat (D:2)
13 creatures vanquished.

Grand Total: 42 creatures vanquished

Notes
Turn   | Place    | Note
-------+----------+-------------------------------------------
     0 | D:1      | NinjaNoafa the Armataur Warper began the quest for the Orb.
     0 | D:1      | Reached XP level 1. HP: 18/18 MP: 3/3
    61 | D:1      | Reached skill level 1 in Throwing
   210 | D:1      | Reached XP level 2. HP: 25/25 MP: 4/4
   696 | D:1      | Found a faded altar of an unknown god.
   705 | D:1      | Prayed at the altar of an unknown god.
   705 | D:1      | Became a worshipper of Jiyva Jiuqump the Shapeless
   705 | D:1      | Reached * piety under Jiyva
   997 | D:2      | Reached XP level 3. HP: 31/31 MP: 5/5
  1001 | D:2      | Reached ** piety under Jiyva
  1651 | D:3      | Found a runed translucent gate.
  1651 | D:3      | Found a runed translucent gate.
  1651 | D:3      | Found a runed translucent gate.
  1651 | D:3      | Noticed bjtr's ghost (amateur GrFE)
  1718 | D:3      | Noticed an ogre
  1729 | D:3      | Slain by an ogre

Illustrated notes

Levels and vault maps discovered:
D:1:      onia_arrival_handbag, layout_basic,
          hellmonk_ecumenical_altar_inner_sanctum, nrook_uturn
D:2:      layout_loops_corners, chequers_mini_garden
D:3:      minmay_chambers_of_twos, layout_loops_ring, gammafunk_ghost_split

Skill      XL: |  1  2  3 |
---------------+----------+-----
Throwing       | 1 |  1.3
Fighting       | 2 |  2.1
Maces & Flails | 2 |  2.1
Spellcasting   | 2 |  2.0
Armour         | |  1.8
Dodging        | |  1.7
Translocations | |  3.2

Action                   || total
-------------------------++-------
Melee: Mace              ||    68
       Tailslap          ||     6
       Staff             ||     1
  Use: Potion            ||     2
Armor: Leather armour    ||    27
Dodge: Dodged            ||    39
Block: Other             ||     2

Table legend: (Time is in decaauts)
 A = Elapsed time spent in this place.
 B = Non-inter-level travel time spent in this place.
 C = Inter-level travel time spent in this place.
 D = Time resting spent in this place.
 E = Time spent auto-exploring this place.
 F = Levels seen in this place.
 G = Mean time per level.
                   A        B        C        D        E       F      G
               +--------+--------+--------+--------+--------+-----+--------+
         Total |   1748 |   1701 |     47 |      0 |   1436 |   3 |  582.7 |
       Dungeon |   1748 |   1701 |     47 |      0 |   1436 |   3 |  582.7 |
               +--------+--------+--------+--------+--------+-----+--------+

Top non-repeatable levels by time:
     D:1: 847 daAuts
     D:2: 766 daAuts
     D:3: 134 daAuts
